Map: [ESL] Site Delta

Players

gumiho - Winner!

  • Race: Terran Terran
  • Spawn Location: 11:00

Scarlett

  • Race: Zerg Zerg
  • Spawn Location: 5:00

Event: IEM Katowice 2024

VOD

Have the link to the VOD?

Description

Time

  • Played on: Dec. 10, 2023, 7:28 p.m.
  • Length: 13:20

All games in this series

Show
View Real Time Build Order
Export as new Build Order

gumiho Terran - Winner!

Build Orders: Reaper Expand 

Get SALT Encoding   

  12  0:00  SCV  
  13  0:12  SCV  
  14  0:17  Supply Depot  
  14  0:24  SCV  
  15  0:38  SCV  
  15  0:39  Barracks  
  16  0:42  Refinery  
  16  0:50  SCV  
  17  1:03  SCV  
  18  1:15  SCV  
  19  1:26  Reaper  
  19  1:27  Orbital Command  
  20  1:38  Command Center  
  20  1:47  Supply Depot  
  20  1:53  SCV  
  21  1:58  Marine  
  22  2:05  SCV  
  23  2:11  Factory  
  23  2:17  SCV  
  23  2:20  Barracks Reactor  
  24  2:29  SCV  
  25  2:38  Command Center  
  25  2:41  SCV  
  26  2:50  Orbital Command  
  26  2:53  SCV  
  27  3:05  Barracks Tech Lab  
  27  3:06  SCV  
  27  3:07  Hellion  
  27  3:08  Hellion  
  32  3:17  SCV  
  32  3:18  SCV  
  34  3:22  Refinery  
  34  3:23  Marine  
  34  3:24  Stimpack  
  35  3:29  Hellion x2, SCV  
  35  3:30  SCV  
  41  3:41  SCV, Marine  
  41  3:42  SCV  
  41  3:45  Starport  
  44  3:53  Orbital Command, SCV  
  45  3:59  Marine, Supply Depot  
  45  4:00  Barracks  
  45  4:01  SCV  
  47  4:05  SCV  
  47  4:09  Factory Reactor  
  48  4:13  SCV  
  49  4:18  SCV  
  49  4:19  SCV  
  49  4:20  Refinery  
  49  4:21  Marine  
  49  4:22  Supply Depot  
  49  4:23  Medivac  
  54  4:25  SCV  
  54  4:30  SCV  
  56  4:31  SCV  
  56  4:36  Engineering Bay  
  56  4:37  Engineering Bay  
  56  4:38  SCV  
  58  4:42  Marine, SCV  
  60  4:46  Supply Depot  
  60  4:47  Hellion x2  
  60  4:48  Supply Depot  
  60  4:50  SCV  
  65  4:53  Orbital Command  
  65  4:54  SCV  
  65  4:56  Starport Reactor  
  65  4:57  Barracks  
  66  5:00  Marine  
  66  5:03  Marine x2  
  66  5:05  SCV  
  66  5:06  Combat Shield, SCV  
  71  5:07  Terran Infantry Weapons Level 1  
  71  5:11  Terran Infantry Armor Level 1  
  71  5:18  SCV x2  
  71  5:20  SCV, Supply Depot x2  
  74  5:26  Refinery  
  74  5:28  Marine x3  
  76  5:32  Hellion x2  
  81  5:40  SCV x3  
  84  5:46  Barracks  
  84  5:47  Barracks Reactor  
  84  5:48  Barracks  
  84  5:52  SCV x3  
  84  6:00  Armory  
  84  6:03  Supply Depot, Marine x2  
  85  6:04  SCV x3  
  85  6:09  Hellion x2  
  91  6:16  SCV x3  
  92  6:19  Marine, Supply Depot  
  92  6:21  Medivac x2, Supply Depot  
  97  6:28  SCV x2  
  97  6:32  Supply Depot x2  
  99  6:33  Widow Mine x2  
  99  6:39  Marine  
  103  6:40  Barracks Reactor x2, Marine x3  
  103  6:42  SCV  
  103  6:43  SCV  
  103  6:44  SCV  
  103  6:46  Supply Depot  
  110  6:47  Marine  
  110  6:51  Medivac x2  
  115  6:55  SCV x2  
  115  6:56  Widow Mine x2  
  115  6:57  SCV  
  122  7:04  Terran Infantry Weapons Level 2  
  122  7:05  Marauder  
  122  7:07  Command Center  
  122  7:08  Marine x4  
  128  7:19  Barracks  
  128  7:22  Barracks  
  122  7:23  Barracks  
  122  7:25  Marine x2  
  122  7:26  Marine  
  122  7:27  Marauder  
  122  7:28  Marine x3  
  122  7:29  Marine x2  
  122  7:31  Widow Mine x2  
  122  7:34  SCV x2  
  122  7:35  Terran Infantry Armor Level 2, SCV  
  129  7:37  Refinery  
  129  7:38  Refinery  
  129  7:39  Supply Depot  
  129  7:41  Supply Depot  
  129  7:42  Supply Depot, Medivac  
  129  7:43  Marine x3  
  66  7:44  Medivac  
  134  7:48  Marauder  
  134  7:49  Concussive Shells  
  134  7:50  SCV x3  
  141  8:02  SCV x3  
  144  8:09  Marauder, Marine x3  
  149  8:14  Barracks Tech Lab x3  
  149  8:16  Marine x2  
  149  8:19  Marine x3  
  149  8:26  Widow Mine x2  
  153  8:27  Marine, Medivac x2  
  153  8:31  Marauder  
  153  8:33  Marauder, Marine  
  161  8:36  Marauder x2  
  161  8:37  Marine x3  
  161  8:38  Planetary Fortress  
  168  8:41  SCV x3  
  171  8:50  Marine x2  
  171  8:52  Sensor Tower, Marauder, Marine x2  
  171  8:53  SCV  
  171  8:54  Marauder  
  180  8:57  Marauder x2  
  180  9:01  Marine x4  
  188  9:07  Marine x2  
  188  9:10  Command Center, Marine  
  188  9:14  Marine, Marauder  
  188  9:16  Marauder  
  192  9:18  Marauder, Marine  
  192  9:19  Marine  
  192  9:22  Marine  
  192  9:23  Terran Infantry Weapons Level 3  
  195  9:26  Supply Depot  
  192  9:33  Marine  
  192  9:34  Marine  
  192  9:35  Marauder, Marine  
  195  9:43  Marine  
  196  9:48  Marauder x3  
  198  9:56  Marauder, Marine x7  
  189  10:01  Marine  
  183  10:08  Marine x2  
  183  10:09  Marauder  
  183  10:14  Widow Mine x2, Medivac x2, Marine x6  
  188  10:18  Marauder  
  172  10:23  Marine x2  
  172  10:27  Marauder x2  
  158  10:30  Marauder  
  158  10:31  Marine  
  158  10:32  Marine x5  
  158  10:35  Widow Mine x2  
  158  10:39  Marauder  
  158  10:41  Marine x2  
  158  10:42  Terran Vehicle And Ship Armor Level 1, Ghost Academy  
  162  10:44  Medivac  
  162  10:48  Marauder x2  
  162  10:49  Marine  
  168  10:50  Medivac, Marine x5  
  168  10:52  Marauder  
  175  10:58  Marine  
  175  10:59  Marine  
  175  11:00  Marauder, Widow Mine  
  177  11:07  Marine x6  
  177  11:09  Widow Mine  
  177  11:10  Marauder x2  
  183  11:13  Marauder  
  183  11:14  Medivac  
  183  11:16  Planetary Fortress, Marine x2  
  189  11:22  Marauder  
  189  11:25  Marine x6  
  180  11:28  Fusion Core  
  180  11:31  Marauder x2  
  188  11:34  Marine x2  
  188  11:35  Marauder  
  190  11:43  Marauder, Marine x3  
  192  11:50  Marine x2  
  192  11:52  Marine, Marauder x2  
  184  11:54  Marine x2  
  184  11:56  Marauder  
  184  11:57  Medivac x2  
  184  12:01  Marine x3  
  190  12:05  Marauder  
  190  12:07  Caduceus Reactor  
  190  12:08  Marine x2  
  195  12:10  Marine  
  195  12:12  Marine  
  195  12:14  Marauder  
  200  12:18  Command Center, Starport  
  196  12:24  Marauder  
  196  12:26  Marauder x2  
  196  12:27  Marine x4  
  196  12:28  Marine x3  
  196  12:29  Marine  
  194  12:35  Marauder  
  190  12:40  Medivac x2  
  196  12:44  Widow Mine x2  
  196  12:45  Marine x2  
  196  12:46  Marauder  
  200  12:52  Marine  
  200  12:57  Marauder x2, Marine x3  
  200  12:58  Marauder, Marine  
  193  12:59  Starport Reactor  
Show
View Real Time Build Order
Export as new Build Order

Scarlett Zerg 

Build Orders: Hatch First 

Get SALT Encoding   

  12  0:00  Drone  
  13  0:12  Overlord  
  13  0:17  Drone  
  14  0:30  Drone x2  
  16  0:46  Hatchery  
  15  0:50  Drone  
  15  0:53  Drone  
  17  0:57  Drone  
  18  1:08  Extractor  
  17  1:12  Spawning Pool  
  17  1:15  Drone  
  17  1:19  Drone  
  18  1:27  Drone  
  19  1:38  Drone  
  20  1:49  Drone  
  21  1:58  Queen x2  
  21  1:59  Zergling x4  
  27  2:09  Drone  
  27  2:10  Overlord  
  28  2:20  Hatchery  
  27  2:23  Drone  
  27  2:29  Drone  
  29  2:34  Spore Crawler  
  28  2:37  Drone x2  
  28  2:42  Queen  
  28  2:43  Metabolic Boost  
  33  2:50  Overlord  
  33  2:55  Drone x2  
  35  3:09  Drone x3  
  35  3:10  Overlord  
  35  3:12  Queen  
  40  3:14  Drone  
  40  3:16  Drone  
  40  3:17  Drone  
  43  3:22  Drone  
  44  3:28  Queen  
  44  3:29  Overlord  
  46  3:39  Drone x4  
  50  3:41  Queen  
  50  3:45  Drone x2  
  54  3:54  Drone x5  
  59  3:57  Zergling x4  
  59  4:02  Queen  
  63  4:09  Overlord  
  63  4:11  Overlord  
  63  4:15  Overlord  
  63  4:16  Drone x3  
  66  4:23  Overlord  
  66  4:33  Queen  
  66  4:34  Drone x6  
  66  4:35  Queen  
  66  4:38  Overlord  
  76  4:41  Lair  
  76  4:47  Baneling Nest  
  76  4:49  Drone x6  
  80  4:53  Spore Crawler  
  80  4:54  Spore Crawler  
  80  4:57  Spore Crawler  
  77  5:03  Hatchery  
  77  5:06  Drone x6  
  83  5:08  Extractor  
  83  5:09  Extractor  
  83  5:11  Extractor  
  80  5:14  Overlord  
  80  5:15  Queen  
  80  5:16  Queen  
  84  5:22  Drone x5  
  84  5:24  Zergling x2  
  84  5:28  Evolution Chamber x2  
  89  5:29  Zergling x2  
  89  5:30  Zergling x2, Extractor  
  89  5:37  Overlord x2  
  89  5:40  Drone  
  89  5:41  Centrifugal Hooks  
  90  5:43  Hydralisk Den  
  86  5:53  Zergling x18  
  91  5:59  Drone x2  
  93  6:07  Zerg Melee Weapons Level 1, Zerg Ground Armor Level 1  
  93  6:16  Hatchery  
  93  6:17  Drone x6  
  93  6:18  Hatchery  
  98  6:21  Grooved Spines  
  98  6:22  Extractor  
  98  6:24  Overlord  
  98  6:25  Drone x2  
  99  6:31  Hydralisk x3  
  105  6:39  Hydralisk x3  
  107  6:41  Overlord x2  
  111  6:48  Hydralisk  
  113  6:54  Hydralisk x4  
  121  7:06  Drone x6  
  127  7:10  Baneling x9  
  127  7:13  Zergling x10, Baneling x2  
  130  7:29  Drone x9  
  132  7:39  Drone x7  
  139  7:44  Hydralisk  
  139  7:45  Hydralisk x2  
  145  7:51  Overlord x6  
  145  8:01  Pneumatized Carapace, Overseer x2  
  145  8:05  Zergling x8  
  149  8:09  Overlord x2  
  149  8:10  Overlord  
  149  8:12  Zergling x14  
  155  8:15  Zergling x2  
  155  8:16  Zergling x6  
  157  8:23  Zergling x10  
  157  8:26  Zerg Ground Armor Level 2  
  157  8:27  Zerg Missile Weapons Level 1  
  162  8:29  Extractor  
  162  8:31  Drone x3, Extractor  
  162  8:32  Baneling  
  162  8:33  Drone, Baneling x5  
  165  8:34  Drone x2  
  165  8:39  Hydralisk x5  
  176  8:45  Zergling x6, Hatchery  
  176  8:46  Spore Crawler  
  176  8:47  Hydralisk  
  179  8:49  Infestation Pit  
  179  8:52  Zergling x4  
  179  8:54  Baneling x16  
  181  8:55  Zergling x12  
  181  8:56  Zergling x2  
  186  9:05  Overseer x2  
  186  9:08  Hydralisk x5  
  186  9:19  Zergling x22  
  192  9:32  Hydralisk x5  
  192  9:36  Hive  
  196  9:45  Zergling x6  
  198  9:48  Extractor  
  198  9:49  Zergling x16  
  198  9:51  Overlord x2  
  198  9:52  Hatchery  
  198  9:58  Hydralisk x7  
  198  9:59  Spore Crawler  
  190  10:01  Extractor  
  182  10:08  Hydralisk x9  
  182  10:09  Zergling x2  
  182  10:11  Drone x3  
  200  10:21  Drone x4  
  192  10:23  Hydralisk x5  
  193  10:29  Hydralisk x4  
  185  10:37  Extractor  
  185  10:40  Hydralisk x3  
  180  10:45  Drone x5  
  180  10:46  Drone  
  179  10:50  Extractor  
  179  10:55  Zergling x22  
  189  10:57  Hydralisk x2  
  189  10:58  Zergling x2  
  189  10:59  Overseer  
  192  11:06  Zergling x2  
  192  11:07  Zergling x12  
  199  11:13  Baneling x4  
  199  11:14  Overlord x2  
  199  11:22  Zergling x10  
  193  11:36  Zergling x12  
  193  11:37  Overseer  
  193  11:38  Overseer, Baneling x5  
  199  11:41  Baneling x9  
  199  11:44  Overseer  
  190  11:57  Overseer  
  183  12:04  Zergling x38  
  183  12:05  Muscular Augments  
  195  12:24  Zergling x2  
  195  12:25  Zergling x16  
  195  12:27  Hatchery  
  190  12:32  Infestor x4  
  190  12:36  Zergling x26  
  189  12:40  Zergling x2  
  189  12:41  Zergling x2  
  181  12:50  Zergling x2  
  181  12:51  Zergling x16  
  124  13:06  Hatchery  

Tags
 
Add a new tag
Caveats
  • Supply blocks, unpowered buildings, or Contaminate may cause inaccurate times.
  • Supply counts are checked every 10 seconds.